 Dungeon Crawl Stone Soup version 0.29.1-12-g30fa7ad0bf (webtiles) character file.

Game seed: 12375591989423511828

1838 ThatPearl the Trooper (level 8, -10/64 HPs)
             Began as a Demonspawn Gladiator on Jan 2, 2023.
             Was a Believer of Okawaru.
             Killed by divine providence
             ... invoked by an orc priest
              (13 damage)
             ... on level 6 of the Dungeon on Jan 3, 2023.
             The game lasted 00:18:34 (6136 turns).

ThatPearl the Trooper (Demonspawn Gladiator)        Turns: 6136, Time: 00:18:35

Health: -10/64     AC: 12    Str: 17    XL:     8   Next: 87%
Magic:  8/8        EV: 11    Int: 15    God:    Okawaru [**....]
Gold:   193        SH:  4    Dex: 15    Spells: 2/7 levels left

rFire   . . .      SeeInvis .   a - +0 war axe
rCold   . . .      Faith    .   (no shield)
rNeg    . . .      Spirit   .   m - +0 scale mail
rPois   .          Reflect  .   c - +0 helmet
rElec   .          Harm     .   (no cloak)
rCorr   .          Rampage  .   (no gloves)
Will    .....                   (no boots)
Stlth   ..........              (no amulet)
HPRegen 0.20/turn               x - +6 ring of intelligence
MPRegen 0.11/turn               (no ring)

@: no status effects
A: icemail 1, condensation shield, weakness stinger 1
a: Renounce Religion, Heroism


You were on level 6 of the Dungeon.
You worshipped Okawaru.
Okawaru was pleased with you.
You visited 2 branches of the dungeon, and saw 7 of its levels.

You collected 193 gold pieces.

Inventory:

Hand Weapons
 a - a +0 war axe (weapon)
 h - a +0 sling
Missiles
 d - 4 throwing nets (quivered)
 e - a javelin
 r - 40 stones
 y - 3 atropa-tipped darts
Armour
 c - a +0 helmet (worn)
 m - a +0 scale mail (worn)
Magical Staves
 C - a staff of death
Jewellery
 x - a +6 ring of intelligence (left hand)
Wands
 z - a wand of mindburst (13)
Scrolls
 b - 2 scrolls of fear {unknown}
 f - 5 scrolls of identify {unknown}
 i - a scroll of torment {unknown}
 k - a scroll of blinking {unknown}
 l - 2 scrolls of immolation {unknown}
 o - a scroll of silence {unknown}
 p - a scroll of enchant armour {unknown}
 q - a scroll of teleportation {unknown}
 s - 3 scrolls of magic mapping {unknown}
 w - a scroll of amnesia {unknown}
 A - a scroll of enchant weapon {unknown}
 B - a scroll of brand weapon {unknown}
Potions
 g - 2 potions of curing {unknown}
 j - a potion of might {unknown}
 n - a potion of flight {unknown}
 t - 4 potions of heal wounds {unknown}
 u - 3 potions of mutation {unknown}
 v - a potion of lignification {unknown}


   Skills:
 + Level 6.2 Fighting
 + Level 6.1 Axes
 - Level 1.7 Throwing
 + Level 4.4 Armour
 - Level 4.0 Dodging
 + Level 0.6 Hexes
 - Level 4.0 Ice Magic


You had 2 spell levels left.
You knew the following spells:

 Your Spells              Type           Power      Damage    Failure   Level
a - Teleport Other        Tloc           0%         N/A       95%         3
b - Ensorcelled Hibernat  Hex/Ice        14%        N/A       45%         2

Your spell library contained the following spells:

 Spells                   Type           Power      Damage    Failure   Level
 Shock                    Conj/Air       0%         1d3       65%         1
 Passwall                 Tmut/Erth      0%         N/A       78%         2
 Ozocubu's Armour         Ice            12%        N/A       45%         3
 Gell's Gravitas          Tloc           0%         N/A       95%         3
 Swiftness                Air            0%         N/A       95%         3
 Airstrike                Air            0%         2d(0-16)  100%        4
 Metabolic Englaciation   Hex/Ice        3%         N/A       100%        5
 Dispersal                Tloc           0%         N/A       100%        6
 Orb of Destruction       Conj           0%         9d5       100%        7
 Summon Guardian Golem    Hex/Summ       Unusable   N/A       N/A         3
 Simulacrum               Ice/Necr       Unusable   N/A       N/A         6
 Spellforged Servitor     Conj/Summ      Unusable   N/A       N/A         7

Dungeon Overview and Level Annotations

Branches:
Dungeon (6/15)             Temple (1/1) D:4

Altars:
Okawaru

Shops:
D:3 :(*


Innate Abilities, Weirdness & Mutations

A meltable icy envelope protects you from harm. (AC +4)
A meltable shield of frost defends you. (SH +4)
You have a small tail.


Message History

You feel a bit more experienced.
You start resting.
Your icy envelope is restored.
You start resting.
HP restored.
There is a stone staircase leading down here.
Okay, then.
Done exploring.
You climb downwards.
Found a mace.
There is a stone staircase leading up here.
You see here a +0 mace.
Found a scroll labelled HYSAUL XOJUS.
The orc priest shouts!
The orc priest invokes the aid of Beogh against you.
Pain shoots through your body!
You see here a scroll labelled HYSAUL XOJUS.
The orc priest mumbles some strange prayers to Beogh against you.
Pain shoots through your body!
You hit the orc priest.
Your tail-slap misses the orc priest.
The orc priest is moderately wounded.
The orc priest calls down the wrath of Beogh upon you.
Beogh smites you!
You slash the orc priest!
Your tail-slap misses the orc priest.
The orc priest is almost dead.
The orc priest invokes the aid of Beogh against you.
Pain shoots through your body!
* * * LOW HITPOINT WARNING * * *
The orc priest hits you with a +0 dagger.
* * * LOW HITPOINT WARNING * * *
The orc priest mumbles some strange prayers to Beogh against you.
Pain shoots through your body!
* * * LOW HITPOINT WARNING * * *
You slash the orc priest!
You kill the orc priest!
Okawaru accepts your kill.
You slash the orc priest!
The orc priest invokes the aid of Beogh against you.
Beogh smites you!
You die...

.>.....#....###..#.#
..#...#.....#.#..)<##
#.##.#..............#
........#...........#
.......##...........###
...#..................#
...#................#####
...#...##....##......#..##
...#.......P..#)@........#
<........8....##o#.......#
....#..........#o##......#
.#.###...o.....?.##.....##
##.## ...........#.....#
#..# ....#......##...##
.#..##........##.......#
............>.###......#
####.##....#..<# ......#


You could see an orc priest and an orc wizard.

Vanquished Creatures
  A steam dragon (D:6)
  4 black bears
  An ice beast (D:5)
  An ogre (D:4)
  A centaur (D:5)
  3 phantoms
  A bullfrog (D:5)
  2 scorpions
  A water moccasin skeleton (D:6)
  3 bullfrog zombies (D:6)
  2 centaur zombies (D:6)
  A hound (D:6)
  A jelly (D:4)
  An orc priest (D:6)
  2 bullfrog skeletons (D:6)
  A centaur skeleton (D:6)
  2 iguanas
  An orc wizard (D:5)
  A howler monkey zombie (D:6)
  8 gnolls (D:3)
  9 adders
  A worm (D:2)
  4 dart slugs
  3 orcs (D:3)
  6 endoplasms
  7 goblins
  5 hobgoblins
  4 jackals (D:2)
  4 quokkas
  5 ball pythons
  3 bats
  2 frilled lizards
  6 kobolds
  10 rats
107 creatures vanquished.

Vanquished Creatures (others)
  2 withered plants (D:6)
2 creatures vanquished.

Grand Total: 109 creatures vanquished

Notes
Turn   | Place    | Note
-------+----------+-------------------------------------------
     0 | D:1      | ThatPearl the Demonspawn Gladiator began the quest for the
                  | Orb.
     0 | D:1      | Reached XP level 1. HP: 16/16 MP: 1/1
   266 | D:1      | Gained mutation: A meltable shield of frost defends you.
                  | (SH +4) [demonic ancestry]
   266 | D:1      | Reached XP level 2. HP: 21/22 MP: 2/2
  1122 | D:2      | Gained mutation: You have a small tail. [demonic ancestry]
  1122 | D:2      | Reached XP level 3. HP: 28/28 MP: 3/3
  1958 | D:2      | Found a faded altar of an unknown god.
  2248 | D:3      | Found Iheepiuf's Antique Weapon Boutique.
  2262 | D:3      | Reached XP level 4. HP: 29/35 MP: 4/4
  2372 | D:3      | Found Jeiluist's Assorted Antiques.
  3030 | D:3      | Found Jasi's Book Boutique.
  3073 | D:3      | Gained mutation: A meltable icy envelope protects you from
                  | harm. (AC +4) [demonic ancestry]
  3073 | D:3      | Reached XP level 5. HP: 27/41 MP: 5/5
  3582 | D:4      | Noticed an ogre
  3609 | D:4      | Learned a level 3 spell: Teleport Other
  3686 | D:4      | Reached XP level 6. HP: 41/48 MP: 6/6
  3765 | D:4      | Reached skill level 1 in Armour
  3894 | D:4      | Learned a level 2 spell: Ensorcelled Hibernation
  3911 | D:4      | Found a staircase to the Ecumenical Temple.
  3917 | Temple   | Entered the Ecumenical Temple
  3927 | Temple   | Became a worshipper of Warmaster Okawaru
  4168 | D:4      | Reached skill level 1 in Ice Magic
  4230 | D:5      | Entered Level 5 of the Dungeon
  4244 | D:5      | Reached * piety under Okawaru
  4245 | D:5      | Reached XP level 7. HP: 37/55 MP: 7/7
  4616 | D:5      | Reached skill level 5 in Fighting
  4616 | D:5      | Reached skill level 5 in Axes
  4957 | D:5      | Reached XP level 8. HP: 32/62 MP: 8/8
  5454 | D:6      | Reached ** piety under Okawaru
  6135 | D:6      | HP: 3/64 [orc priest/nerve-wracking pain (13)]
  6136 | D:6      | Killed from afar by an orc priest

Illustrated notes

Levels and vault maps discovered:
D:1:      minmay_arrival_shoal_huts, layout_basic
D:2:      layout_basic, shapermc_ecumenical_altar_mp_vishouse, serial_aquarium,
          aquarium_bridge_long_joined [aquarium_subvault_window,
          aquarium_subvault_window, aquarium_subvault_window,
          aquarium_subvault_bridge, aquarium_subvault_wall,
          aquarium_subvault_bridge], aquarium_window_fake, aquarium_window_1,
          aquarium_view_2a, dreamdust_princess_corridor
D:3:      mumra_celtic_spiral_tile, layout_rooms, serial_shops,
          nicolae_shop_competitors_out_of_business, shop, shop_fountains
D:4:      layout_rooms, minmay_temple_entry_enclosed_plants,
          minmay_misc_feat_enclosed
D:5:      layout_basic
D:6:      layout_cave_pools, serial_undead, serial_undead_c, serial_undead_e,
          serial_undead_e, serial_undead_a, serial_undead_f, serial_undead_a,
          serial_undead_a
Temple:   nicolae_temple_slightly_damp_pantheon

Skill      XL: |  1  2  3  4  5  6  7  8 |
---------------+-------------------------+-----
Dodging        | 3 4 |  4.0
Axes           | 3 4 5 6 |  6.1
Fighting       | 3 4 5 6 |  6.2
Armour         | 2 3 4 |  4.4
Ice Magic      | 1 2 4 |  4.0
Throwing       | |  1.7
Hexes          | |  0.6

Action                   |  1- 3 |  4- 6 |  7- 9 || total
-------------------------+-------+-------+-------++-------
Melee: War axe           |    99 |   114 |   136 ||   349
       Tailslap          |     9 |    18 |    26 ||    53
       Punch             |     2 |     1 |       ||     3
Throw: Throwing net      |     2 |     1 |       ||     3
       Stone             |       |     1 |       ||     1
Invok: Heroism           |       |       |     1 ||     1
Armor: Leather armour    |     9 |       |       ||     9
       Scale mail        |    20 |    60 |   117 ||   197
Dodge: Dodged            |    43 |    67 |    96 ||   206
Block: Other             |    11 |    21 |    35 ||    67
